 Dungeon Crawl Stone Soup version 0.28-a0-239-g68911e0c57 (webtiles) character file.

Game seed: 17844873349756952910

326 Ballisk the Slasher (level 6, -12/53 HPs)
             Began as a Draconian Berserker on Aug 23, 2021.
             Was a Priest of Trog.
             Mangled by an ogre (20 damage)
             ... on level 4 of the Dungeon on Aug 24, 2021.
             The game lasted 00:13:25 (4208 turns).

Ballisk the Slasher (Draconian Berserker)           Turns: 4208, Time: 00:13:26

Health: -12/53     AC:  9    Str: 21    XL:     6   Next: 24%
Magic:  6/6        EV: 13    Int:  8    God:    Trog [***...]
Gold:   143        SH:  0    Dex: 14    Spells: 5/5 levels left

rFire   + . .      SeeInvis .   a - +0 falchion
rCold   . . .      Faith    .   (no shield)
rNeg    . . .      Spirit   .   (armour unavailable)
rPois   .          Reflect  .   (helmet restricted)
rElec   .          Harm     .   d - +1 cloak
rCorr   .          Rampage  .   (no gloves)
Will    .....                   s - +0 pair of boots
Stlth   ++........              (no amulet)
HPRegen 0.17/turn               z - ring "Dumia" {rF+ Dex+4}
MPRegen 0.10/turn               (no ring)

@: no status effects
A: AC +6, unfitting armour, cold-blooded
a: Renounce Religion, Berserk, Trog's Hand


You were on level 4 of the Dungeon.
You worshipped Trog.
Trog was most pleased with you.
You visited 1 branch of the dungeon, and saw 4 of its levels.

You collected 143 gold pieces.

Inventory:

Hand Weapons
 a - a +0 falchion (weapon)
 u - a +0 hunting sling
Missiles
 e - 51 arrows
 i - 13 bolts
 p - 6 javelins (quivered)
 v - 44 stones
 y - 23 sling bullets
 C - 4 boomerangs
Armour
 d - a +1 cloak (worn)
 g - a +0 robe
 s - a +0 pair of boots (worn)
 t - a +0 ring mail
Magical Staves
 x - a staff of conjuration
Jewellery
 z - the ring "Dumia" (left hand) {rF+ Dex+4}
   (You found it on level 4 of the Dungeon)

   [ring of protection from fire]

   Dex:       It affects your dexterity (+4).
   rF:        It protects you from fire.
 B - a ring of resist corrosion
Scrolls
 f - a scroll of acquirement {unknown}
 k - 3 scrolls of enchant weapon {unknown}
 o - a scroll of blinking {unknown}
 q - a scroll of identify {unknown}
 r - a scroll of teleportation {unknown}
 w - a scroll of immolation {unknown}
 A - a scroll of fog {unknown}
Potions
 b - 2 potions of berserk rage {unknown}
 c - a potion of mutation {unknown}
 h - 3 potions of haste {unknown}
 j - 3 potions of attraction {unknown}
 l - 3 potions of heal wounds {unknown}
 m - a potion of lignification {unknown}
 n - 2 potions of degeneration {unknown}


   Skills:
 + Level 4.5 Fighting
 + Level 4.9 Long Blades
 + Level 4.3 Dodging
 + Level 1.2 Stealth


You had 5 spell levels left.
You didn't know any spells.
Your spell library contained the following spells:

 Spells                   Type           Power      Damage    Failure   Level
 Corona                   Hex            0%         N/A       41%         1
 Magic Dart               Conj           0%         1d3       41%         1
 Ensorcelled Hibernation  Hex/Ice        0%         N/A       54%         2
 Searing Ray              Conj           0%         3d3       54%         2
 Dazzling Flash           Conj/Hex       0%         N/A       78%         3
 Gell's Gravitas          Tloc           0%         N/A       78%         3
 Lesser Beckoning         Tloc           0%         N/A       78%         3
 Teleport Other           Tloc           0%         N/A       78%         3
 Tukima's Dance           Hex            0%         N/A       78%         3
 Fulminant Prism          Conj/Hex       0%         3d6       99%         4
 Agony                    Necr           0%         N/A       100%        5
 Silence                  Hex/Air        0%         N/A       100%        5


Dungeon Overview and Level Annotations

Branches:
Dungeon (4/15)
 Temple: D:4-7

Altars:
Ashenzari

Shops:
D:2 =


Innate Abilities, Weirdness & Mutations

Your plain brown scales are hard. (AC +6)
You cannot fit into any form of body armour.
You are cold-blooded and may be slowed by cold attacks.


Message History

You open the door.
An endoplasm, a kobold, an ogre and a skeleton come into view.
The ogre shouts!
The kobold shouts!
The centaur skeleton moves out of view.
You hit the endoplasm. You tail-slap the endoplasm.
You kill the endoplasm!
Trog accepts your kill.
You hit the kobold.
You kill the kobold!
Trog accepts your kill.
You hit the ogre but do no damage.
Your tail-slap misses the ogre.
The ogre barely misses you.
You completely miss the ogre.
The ogre hits you with a +0 giant club!!
You hit the ogre.
Your tail-slap misses the ogre.
The ogre is lightly wounded.
The ogre hits you with a +0 giant club!
An adder zombie comes into view.
There is an open door here.
There's a creature in the doorway!
Your skin crawls.
You feel strong-willed. The ogre misses you.
You riposte.
You hit the ogre.
The ogre is moderately wounded.
The ogre hits you with a +0 giant club!
* * * LOW HITPOINT WARNING * * *
There is an open door here.
There's a creature in the doorway!
The ogre misses you.
You feel the effects of Trog's Hand fading.
Your skin stops crawling.
You feel less strong-willed.
There is an open door here.
There's a creature in the doorway!
The ogre hits you with a +0 giant club.
Things that are here:
a +0 whip; a +0 leather armour; an orc corpse The ogre hits you with a +0 giant club!!
* * * LOW HITPOINT WARNING * * *
The ogre hits you with a +0 giant club!!
You die...

######### .# .......#
.# ##### #..#.#####.#
...# #........#.#
####.####....###.#.#
.................[>#
####.#.##....###.###
#.#.##..........####
#.#..........@.....#
####.####.#....O...##.#
#..).#.........Z...# #
#.##.#.##.#.#......#
...............#####
####+########..# #.#
#..# #.# #..# ##.##
#..#


You could see an ogre and a centaur skeleton.

Vanquished Creatures
  A necrophage (D:4)
  A scorpion (D:4)
  A centaur skeleton (D:4)
  A scorpion zombie (D:3)
  Robin (D:2)
  2 adders
  A worm (D:2)
  A dart slug (D:2)
  2 orcs
  12 endoplasms
  A giant cockroach (D:1)
  5 hobgoblins
  5 jackals (D:1)
  9 kobolds
  3 quokkas
  12 ball pythons
  4 bats
  6 frilled lizards
  14 goblins
  5 rats
87 creatures vanquished.

Notes
Turn   | Place    | Note
-------+----------+-------------------------------------------
     0 | D:1      | Ballisk the Draconian Berserker began the quest for the
                  | Orb.
     0 | D:1      | Reached XP level 1. HP: 19/19 MP: 1/1
   610 | D:1      | Reached XP level 2. HP: 26/26 MP: 2/2
  1110 | D:1      | Reached ** piety under Trog
  1111 | D:1      | Reached XP level 3. HP: 33/33 MP: 3/3
  1302 | D:2      | Noticed Robin
  1324 | D:2      | Killed Robin
  1539 | D:2      | Found Lyutt's Jewellery Emporium.
  1559 | D:2      | Reached XP level 4. HP: 32/40 MP: 4/4
  2238 | D:3      | Found a faded altar of an unknown god.
  3069 | D:3      | Found a broken altar of Ashenzari.
  3254 | D:3      | Reached XP level 5. HP: 42/46 MP: 5/5
  3468 | D:4      | Noticed a necrophage
  3480 | D:4      | Reached *** piety under Trog
  3496 | D:4      | Killed a necrophage
  3497 | D:4      | Reached skill level 1 in Stealth
  3727 | D:4      | Identified the ring "Dumia" {rF+ Dex+4}
  3797 | D:4      | Reached XP level 6. HP: 26/53 MP: 6/6
  4208 | D:4      | Mangled by an ogre

Illustrated notes

Levels and vault maps discovered:
D:1:      minmay_arrival_hallway, layout_basic
D:2:      layout_basic, serial_shops, shop, uniq_robin
D:3:      minmay_angry_zag, layout_loops_ring, evilmike_ruin_ashenzari,
          hellmonk_ecumenical_altar_run_dry, minmay_crystal_room
D:4:      layout_basic, minmay_pentangle

Skill      XL: |  1  2  3  4  5 |
---------------+----------------+-----
Dodging        | 3 4 |  4.3
Fighting       | 4 |  4.5
Long Blades    | 4 |  4.9
Stealth        | 1 |  1.2

Action                   |  1- 3 |  4- 6 || total
-------------------------+-------+-------++-------
Melee: Falchion          |   109 |   147 ||   256
       Tailslap          |     7 |    16 ||    23
Invok: Berserk           |     1 |       ||     1
       Trog's Hand       |       |     1 ||     1
 Stab: Sleeping          |       |     2 ||     2
Armor: Skin              |    44 |    43 ||    87
Dodge: Dodged            |    86 |   101 ||   187
       Rpst.: Falchion   |    21 |    32 ||    53

Table legend: (Time is in decaauts)
 A = Elapsed time spent in this place.
 B = Non-inter-level travel time spent in this place.
 C = Inter-level travel time spent in this place.
 D = Time resting spent in this place.
 E = Time spent auto-exploring this place.
 F = Levels seen in this place.
 G = Mean time per level.
                   A        B        C        D        E       F      G
               +--------+--------+--------+--------+--------+-----+--------+
         Total |   4243 |   4173 |     70 |   1147 |   1387 |   4 | 1060.8 |
       Dungeon |   4243 |   4173 |     70 |   1147 |   1387 |   4 | 1060.8 |
               +--------+--------+--------+--------+--------+-----+--------+

Top non-repeatable levels by time:
     D:3: 1297 daAuts
     D:1: 1189 daAuts
     D:2: 1014 daAuts
     D:4: 743 daAuts
